cohdb
Replays
Latest Replays
All Replays
Popular Replays
Top Player Replays
Match Explorer
How It Works
Community
CoH3 Stats
Reddit
Sign in to upload your games and track your stats! →
Sign in with Steam
Match 44660137
Unlisted
Match 44660137
Overview
Messages
Build Orders
End
Kettenkrad Recon Vehicle
Construct Infanterie Kompanie
GrW 34 Mortar Team
Grenadier Squad
Grenadier Squad
Construct Panzergrenadier Kompanie
Panzergrenadier Squad
Selects Mechanized Battlegroup
Support Elements
Medical Station
Nebelwerfer 42 Rocket Launcher Team
MG 42 Machine Gun Team
Selects Raid Package
Selects StuG Assault Group
StuG Assault Group
Construct Panzer Kompanie
Panzer IV Medium Tank
Panzer IV Medium Tank
Pioneer Squad
Victor #52
Dr Jello
Hudkey
용감한녀석
波菜
506767261
JT
只出曲线
0
0
Comments
sign in to comment!
No comments posted yet!